AoeStats
← Obsawt

Arena

507078399Analyzed
1v1 RM · 14d ago on Sep 16, 2026· 28m 38s· 2 players
Game mode
Random Map
Map size
Tiny (2 player)
Population
200
Speed
Normal
Resources
Standard
Victory
Conquest
Starting age
Dark Age
Ending age
Imperial Age
RankedLock teamsTeams togetherTeam positionsShared explorationLock speedFull tech treeHidden civsTurbo modeCheats
Victory
Defeat
🇪🇸 Khmer · Spain
717
+17
🇨🇱 Georgians · Chile
741
-41
Obsawt
10:13 Feudal Age
12:04 Double-Bit Axe
12:02 Horse Collar
13:26 Stone Mining
18:50 Castle Age
17:02 Stone Mining
17:42 Gold Mining
21:05 Heavy Plow
22:28 Forging
23:08 Bow Saw
23:37 Gold Shaft Mining
23:52 Stone Shaft Mining
24:40 Wheelbarrow
25:51 Bloodlines
27:07 Husbandry
27:21 Light Cavalry
gucci morty
11:56 Feudal Age
13:30 Horse Collar
13:37 Double-Bit Axe
19:51 Stone Mining
19:53 Gold Mining
23:40 Castle Age
25:06 Heavy Plow
28:55 Wheelbarrow
Connection lost

Rejoining the realm…

Still unreachable

The connection could not be restored.

Session expired

The server has moved on; the page needs a fresh start.